[Event "Titled Tuesday Blitz June 27 Late 2023"]
[White "Manukyan, Sargis A."]
[Black "Peatman, Carter"]
[WhiteFideId "13303970"]
[BlackFideId "2096480"]
[WhiteElo "2666"]
[BlackElo "2347"]
[Result "0-1"]
[Round "1"]
[TimeControl "180+2"]
[Date "2023.06.27"]
[WhiteClock "0:00:07"]
[BlackClock "0:00:09"]
[Board "115"]

1. d4 d5 2. c4 e6 3. Nc3 Nf6 4. Nf3 Be7 5. Bg5 h6 6. Bh4 O-O 7. e3 Ne4 8. Bxe7 Qxe7 9. cxd5 Nxc3 10. bxc3 exd5 11. Bd3 c6 12. Ne5 Nd7 13. Nxd7 Bxd7 14. O-O Rfe8 15. Qc2 Qg5 16. Kh1 Qh5 17. a4 Rad8 18. a5 a6 19. Rab1 Bc8 20. Ra1 Rd6 21. Rfe1 Rdd8 22. f3 Re7 23. e4 dxe4 24. fxe4 Rde8 25. e5 Qg5 26. Qf2 Rd8 27. Bc4 Be6 28. Bxe6 Rxe6 29. Rab1 Rd7 30. Rf1 Qg6 31. Rbe1 Qd3 32. Re3 Qb5 33. Rf3 Ree7 34. Rg3 c5 35. h4 cxd4 36. cxd4 Kh8 37. Qf4 Rxd4 38. Qxd4 Qxf1+ 39. Kh2 Qb5 40. Re3 Qxa5 41. Qd6 Qc7 42. Qd4 b5 43. g3 Qc2+ 44. Kh3 Qc8+ 45. Kg2 Rd7 46. Qb4 Qc2+ 47. Kh3 Qf5+ 48. Kg2 Kh7 49. Qe1 Rc7 50. Re2 Rc2 51. Rxc2 Qxc2+ 52. Kh3 Qf5+ 53. Kg2 Qc2+ 54. Kh3 Qd3 55. Qf2 Qd7+ 56. Kh2 a5 57. h5 Qd3 58. Kh3 Qd7+ 59. Kh2 Qe6 60. Qc2+ g6 61. hxg6+ Qxg6 62. Qc5 b4 63. Qxa5 Qc2+ 64. Kh3 b3 65. Qa7 Qf5+ 66. Kh2 b2 67. g4 Qg6 68. e6 b1=Q 69. exf7 Qbc2+ 70. Kh1 Qce4+ 71. Kh2 Qf4+ 72. Kh1 Qfxf7 73. Qd4 Qf1+ 74. Kh2 Qff6 75. Qe3 Qfg7 76. g5 Qxg5 77. Qd3+ Q5g6 78. Qe2 Qg3+ 79. Kh1 Qg1# 0-1


[Site "https://www.chess.com"]

[Event "Titled Tuesday Blitz June 27 Late 2023"]
[White "Ankerst, Mihael"]
[Black "Sai Krishna G V"]
[WhiteFideId "14602369"]
[BlackFideId "5028280"]
[WhiteElo "2346"]
[BlackElo "2666"]
[Result "0-1"]
[Round "1"]
[TimeControl "180+2"]
[Date "2023.06.27"]
[WhiteClock "0:00:00"]
[BlackClock "0:00:33"]
[Board "116"]

1. e4 e6 2. d4 c5 3. d5 exd5 4. exd5 Nf6 5. c4 d6 6. h3 g6 7. Bd3 Bg7 8. Nf3 O-O 9. Nc3 Re8+ 10. Be3 Na6 11. O-O Nc7 12. a3 a5 13. Re1 Bd7 14. Qb3 a4 15. Qc2 Qb8 16. Bf4 Ra6 17. Nd2 b5 18. cxb5 Nxb5 19. Nxb5 Bxb5 20. Bxb5 Qxb5 21. Nc4 Rd8 22. Rad1 Nh5 23. Bh2 Bd4 24. Re7 Nf6 25. Qe2 Nxd5 26. Rxf7 Re8 27. Qd3 Nb6 0-1


[Site "https://www.chess.com"]

[Event "Titled Tuesday Blitz June 27 Late 2023"]
[White "Zamorano, Jorge"]
[Black "Szente Varga, Fruzsina"]
[WhiteFideId "173770"]
[BlackFideId "712264"]
[WhiteElo "2664"]
[BlackElo "2346"]
[Result "1-0"]
[Round "1"]
[TimeControl "180+2"]
[Date "2023.06.27"]
[WhiteClock "0:00:09"]
[BlackClock "0:00:04"]
[Board "117"]

1. e4 e5 2. Nf3 Nc6 3. Bb5 a6 4. Ba4 Nf6 5. O-O Be7 6. Re1 b5 7. Bb3 O-O 8. a4 b4 9. d3 d6 10. a5 Bg4 11. c3 Rb8 12. Bc4 Qc8 13. Nbd2 Be6 14. Ng5 Bxc4 15. Nxc4 h6 16. Nf3 Qe6 17. Bd2 Rfd8 18. Qa4 bxc3 19. Bxc3 Na7 20. d4 exd4 21. Nxd4 Qg4 22. f3 Qg6 23. Nf5 Bf8 24. Nce3 Nb5 25. Qc4 c5 26. Rad1 Nh5 27. Nd5 Kh7 28. Bd2 Nf6 29. Nf4 Qg5 30. h4 d5 31. hxg5 dxc4 32. gxf6 gxf6 33. Bc3 Nd4 34. Ne3 Nb3 35. Nxc4 Be7 36. Nd5 Bf8 37. Nxf6+ Kg6 38. Nd5 f5 39. Nf4+ Kg5 40. Ne6+ Kg6 41. Nxd8 Be7 42. Nc6 Re8 43. Nxe7+ Rxe7 44. exf5+ Kf7 45. Rxe7+ Kxe7 46. Rd6 Nd4 47. Rxd4 cxd4 48. Bxd4 Kf7 49. g4 Ke7 50. Be3 Kf7 51. Bxh6 1-0


[Site "https://www.chess.com"]

[Event "Titled Tuesday Blitz June 27 Late 2023"]
[White "micke12a"]
[Black "Lamard, Guillaume"]
[BlackFideId "600261"]
[WhiteElo "2344"]
[BlackElo "2658"]
[Result "1-0"]
[Round "1"]
[TimeControl "180+2"]
[Date "2023.06.27"]
[WhiteClock "0:00:05"]
[BlackClock "0:00:10"]
[Board "118"]

1. d4 Nf6 2. Nf3 d5 3. g3 c5 4. Bg2 cxd4 5. O-O h6 6. Nxd4 e5 7. Nb3 Nc6 8. Nc3 Be6 9. f4 exf4 10. gxf4 d4 11. Bxc6+ bxc6 12. Qxd4 Qc8 13. f5 Bxf5 14. Qe5+ Be6 15. Nd4 Nd7 16. Qe4 Bc5 17. Be3 Nf6 18. Qe5 Be7 19. Nxe6 Qxe6 20. Qxe6 fxe6 21. Rad1 O-O 22. Rf4 Nd5 23. Nxd5 exd5 24. Ra4 Rfb8 25. b3 a5 26. c4 Bb4 27. cxd5 cxd5 28. Rxd5 Re8 29. Bd2 Rxe2 30. Bxb4 Rc8 31. Bc5 Rc2 32. Rxa5 Re8 33. Bf2 Ree2 34. Rf5 Kh8 35. Ra7 Rxa2 36. Rxa2 Rxa2 37. Rf7 Rb2 38. Bd4 Rb1+ 39. Kf2 Rd1 40. Be5 Rd5 41. Rf5 Kh7 42. Kf3 Rb5 43. Ke4 Rxb3 44. Rf7 Rh3 45. Rxg7+ Kh8 46. Rg3+ Kh7 47. Rxh3 Kg6 48. Rg3+ 1-0


[Site "https://www.chess.com"]

[Event "Titled Tuesday Blitz June 27 Late 2023"]
[White "Stoleriu, George"]
[Black "morozcoma"]
[WhiteFideId "1227505"]
[WhiteElo "2658"]
[BlackElo "2340"]
[Result "1-0"]
[Round "1"]
[TimeControl "180+2"]
[Date "2023.06.27"]
[WhiteClock "0:00:48"]
[BlackClock "0:00:24"]
[Board "119"]

1. e4 e5 2. Nf3 Nc6 3. Bb5 a6 4. Ba4 Nf6 5. d3 b5 6. Bb3 Be7 7. O-O O-O 8. Re1 d6 9. c3 Bb7 10. Nbd2 Re8 11. Nf1 Bf8 12. Ng3 g6 13. Ng5 Re7 14. Qf3 Bg7 15. h4 h5 16. Nf1 Na5 17. Bc2 c5 18. Ne3 Bc8 19. b4 cxb4 20. cxb4 Nc6 21. a3 Nd4 22. Qd1 Ng4 23. Bb1 Ne6 24. Nd5 Re8 25. Ba2 Ra7 26. f3 Nf6 27. Be3 Nd4 28. Rc1 Be6 29. Bxd4 exd4 30. Nxe6 fxe6 31. Nf4 Kh7 32. Nxe6 Qe7 33. Ng5+ Kh8 34. Bf7 Rf8 35. Bxg6 Bh6 36. Qd2 Qg7 37. Bf5 Nh7 38. Bxh7 Qxh7 39. Nxh7 Bxd2 40. Nxf8 Bxe1 41. Rxe1 Re7 42. Ng6+ 1-0


[Site "https://www.chess.com"]

[Event "Titled Tuesday Blitz June 27 Late 2023"]
[White "The_Straightforward_Rook"]
[Black "Liyanage, Ranindu Dilshan"]
[BlackFideId "9915834"]
[WhiteElo "2337"]
[BlackElo "2656"]
[Result "1-0"]
[Round "1"]
[TimeControl "180+2"]
[Date "2023.06.27"]
[WhiteClock "0:00:20"]
[BlackClock "0:00:13"]
[Board "120"]

1. Nf3 d5 2. d4 Nf6 3. c4 e6 4. cxd5 exd5 5. Nc3 Bb4 6. Bg5 Nbd7 7. e3 h6 8. Bxf6 Bxc3+ 9. bxc3 Qxf6 10. Bd3 c5 11. Rb1 c4 12. Bc2 O-O 13. O-O Nb6 14. Nd2 Bf5 15. e4 dxe4 16. Nxe4 Qg6 17. f3 Rfe8 18. Qd2 Re7 19. Kh1 Rae8 20. Rb5 Bd7 21. Rc5 Ba4 22. Bb1 Bc6 23. Qf4 Nd5 24. Qg3 Qxg3 25. hxg3 f5 26. Nd6 Re1 27. Kg1 R8e2 28. Bxf5 Rxf1+ 29. Kxf1 Rxa2 30. Be6+ Kf8 31. Bxd5 Ra1+ 32. Kf2 Ra2+ 33. Kg1 Bxd5 34. Rxd5 Rc2 35. Ne4 Rb2 36. Rd7 a5 37. Rc7 b5 38. d5 Ke8 39. d6 a4 40. Nc5 Rd2 41. d7+ Ke7 42. Rc8 a3 43. Re8+ Kd6 44. d8=Q+ Kxc5 45. Qa5 1-0


[Site "https://www.chess.com"]

[Event "Titled Tuesday Blitz June 27 Late 2023"]
[White "reevecanada"]
[Black "Torres Hernandez, Leslie Carolin"]
[BlackFideId "8400504"]
[WhiteElo "2654"]
[BlackElo "2334"]
[Result "0-1"]
[Round "1"]
[TimeControl "180+2"]
[Date "2023.06.27"]
[WhiteClock "0:01:33"]
[BlackClock "0:00:15"]
[Board "121"]

1. e4 e6 2. Nf3 d5 3. Nc3 dxe4 4. Nxe4 Nf6 5. Nxf6+ gxf6 6. d4 Bd7 7. Bd3 Bc6 8. c3 Nd7 9. Bf4 Bd6 10. Bg3 Qe7 11. b4 a6 12. a4 b6 13. Qe2 Bb7 14. O-O O-O 15. Nh4 Kh8 16. Qh5 f5 17. Nxf5 exf5 18. Qxf5 f6 19. Rfe1 Qg7 20. Re6 Bxg3 21. fxg3 Rf7 22. Rae1 Nf8 23. Re8 Rxe8 24. Rxe8 Re7 25. Rb8 Re1+ 26. Kf2 Qe7 27. Rxf8+ Kg7 28. Qxh7+ Kxf8 29. Qh8+ Kf7 30. Bc4+ Re6 31. g4 Qd6 32. Qh7+ Ke8 33. Bxe6 Qxe6 34. Qxc7 Qd5 35. Qg3 Qa2+ 36. Kf1 Bd5 37. Qe1+ Kf7 38. a5 Qxg2# 0-1


[Site "https://www.chess.com"]

[Event "Titled Tuesday Blitz June 27 Late 2023"]
[White "Cardozo Munar, Carlos Eduardo"]
[Black "Karttunen, Mika"]
[WhiteFideId "4409477"]
[BlackFideId "502081"]
[WhiteElo "2331"]
[BlackElo "2652"]
[Result "0-1"]
[Round "1"]
[TimeControl "180+2"]
[Date "2023.06.27"]
[WhiteClock "0:00:00"]
[BlackClock "0:00:20"]
[Board "122"]

1. d4 Nf6 2. Bg5 e6 3. e4 h6 4. Bxf6 Qxf6 5. c3 d6 6. Nf3 g5 7. h3 h5 8. Nbd2 Bh6 9. Bd3 g4 10. hxg4 hxg4 11. e5 Bxd2+ 12. Kxd2 Qf4+ 13. Kc2 Rxh1 14. Qxh1 gxf3 15. exd6 Qxd6 16. gxf3 Nc6 17. Rg1 Qf8 18. Qh7 Ne7 19. Qe4 c6 20. Qf4 Nd5 21. Qh4 Bd7 22. Bh7 Ne7 23. Qf4 O-O-O 24. a4 Nd5 25. Qe4 f5 26. Qe2 Qh6 27. Bg8 Rf8 28. Qe5 Ne7 29. Bf7 Rxf7 30. Qd6 Qf8 31. a5 Nd5 32. Qe5 a6 33. Rh1 Rg7 34. b4 Qg8 35. b5 cxb5 36. Qd6 Bc6 37. Re1 Rd7 38. Qc5 Kb8 0-1


[Site "https://www.chess.com"]

[Event "Titled Tuesday Blitz June 27 Late 2023"]
[White "Weishaeutel, Moritz"]
[Black "Balkum, Alexander"]
[WhiteFideId "12967300"]
[BlackFideId "2005069"]
[WhiteElo "2652"]
[BlackElo "2328"]
[Result "1-0"]
[Round "1"]
[TimeControl "180+2"]
[Date "2023.06.27"]
[WhiteClock "0:00:23"]
[BlackClock "0:00:09"]
[Board "123"]

1. e4 c5 2. d4 cxd4 3. c3 g6 4. cxd4 d5 5. e5 Nc6 6. h3 Bg7 7. Nf3 f6 8. Bb5 Nh6 9. O-O O-O 10. exf6 exf6 11. Nc3 Be6 12. Re1 Bf7 13. Bf4 Nf5 14. Qd2 Rc8 15. Rad1 Nd6 16. Bd3 Re8 17. Nb5 Rxe1+ 18. Rxe1 Nxb5 19. Bxb5 Qb6 20. Ba4 Bf8 21. Rc1 Ne7 22. Bd7 Rxc1+ 23. Qxc1 Qd8 24. Ba4 Nf5 25. Bb3 Nd6 26. Qc5 b6 27. Qc6 Nc4 28. Nd2 Nxb2 29. Qc3 Ba3 30. Ba4 Qe7 31. Bb5 Qe1+ 32. Kh2 Nc4 33. Bxc4 dxc4 34. Qxa3 Qxf2 35. Qe3 Qh4 36. Ne4 Bd5 37. Nc3 g5 38. Bg3 1-0


[Site "https://www.chess.com"]

[Event "Titled Tuesday Blitz June 27 Late 2023"]
[White "Perez Torres, Nabi Isaias"]
[Black "Papp, Levente"]
[WhiteFideId "5120373"]
[BlackFideId "751243"]
[WhiteElo "2327"]
[BlackElo "2647"]
[Result "0-1"]
[Round "1"]
[TimeControl "180+2"]
[Date "2023.06.27"]
[WhiteClock "0:00:17"]
[BlackClock "0:01:42"]
[Board "124"]

1. d4 Nf6 2. c4 g6 3. Nc3 Bg7 4. e4 d6 5. Be2 O-O 6. Nf3 c5 7. O-O cxd4 8. Nxd4 Nc6 9. Be3 Bd7 10. Re1 Rc8 11. Bd3 Ne5 12. b3 Nfg4 13. Bf1 Nxe3 14. Rxe3 Ng4 15. Rd3 Ne5 16. Re3 a6 17. h3 Nc6 18. Nde2 b5 19. cxb5 axb5 20. Nxb5 Bxa1 21. Qxa1 Nb4 22. Na3 Qa5 23. Nc4 Qxa2 24. Qc3 Nc6 25. h4 Ne5 26. h5 Nxc4 27. bxc4 Qxc4 28. Qa1 Qe6 29. hxg6 fxg6 30. Nd4 Qf6 31. Qa2+ Kh8 32. Ne2 Qxf2+ 0-1


[Site "https://www.chess.com"]

[Event "Titled Tuesday Blitz June 27 Late 2023"]
[White "Vaibhav Jayant Raut"]
[Black "Andersson, Bjorn 1971"]
[WhiteFideId "5089034"]
[BlackFideId "1702114"]
[WhiteElo "2645"]
[BlackElo "2326"]
[Result "1/2-1/2"]
[Round "1"]
[TimeControl "180+2"]
[Date "2023.06.27"]
[WhiteClock "0:00:11"]
[BlackClock "0:00:26"]
[Board "125"]

1. Nf3 c5 2. b3 Nc6 3. Bb2 d5 4. e3 Bg4 5. Be2 e6 6. O-O f5 7. h3 Bxf3 8. Bxf3 Nf6 9. c4 Be7 10. cxd5 exd5 11. d4 cxd4 12. Bxd4 Nxd4 13. Qxd4 O-O 14. Nc3 Rc8 15. Nxd5 Bc5 16. Nxf6+ Rxf6 17. Qxd8+ Rxd8 18. Bxb7 Rd2 19. Rfd1 Rfd6 20. Rxd2 Rxd2 21. g3 Kf7 22. a3 Bb6 23. Ba6 Kf6 24. Kf1 g5 25. Ke1 Rb2 26. Bc4 f4 27. gxf4 gxf4 28. Rd1 fxe3 29. fxe3 Bxe3 30. Rd6+ Ke5 31. Rd7 h6 32. a4 Kf4 33. Rf7+ Kg3 34. Be6 a5 35. Kd1 Rd2+ 36. Ke1 Rb2 37. Rf5 Bd2+ 38. Ke2 Bb4+ 39. Kd3 Rd2+ 40. Kc4 Re2 41. Bd7 Re7 42. Rd5 Re3 43. Rh5 Rc3+ 44. Kb5 Rxb3 45. Be6 Rb2 46. Ka6 Bd2 47. Bc4 Bg5 48. h4 Kg4 49. Bf7 Bd2 50. Rd5 Kxh4 51. Rd4+ Kg3 52. Rd3+ Kf2 53. Rd5 Bb4 54. Rh5 Re2 55. Rxh6 Re7 56. Be6 Kg3 57. Rg6+ Kf4 58. Bc4 Ke5 59. Rc6 Kd4 60. Kb5 Re5+ 61. Kb6 Rc5 62. Rxc5 Bxc5+ 63. Kb5 Bb4 64. Bf1 Kc3 65. Bh3 Kd4 66. Bc8 Kc3 67. Ba6 Kd4 68. Bc8 Kc3 69. Bh3 Kd4 70. Bf1 Kc3 71. Bh3 1/2-1/2


[Site "https://www.chess.com"]

[Event "Titled Tuesday Blitz June 27 Late 2023"]
[White "Fajdetic, Hrvoje"]
[Black "Ashraf, Artin"]
[WhiteFideId "14501945"]
[BlackFideId "22514805"]
[WhiteElo "2324"]
[BlackElo "2645"]
[Result "0-1"]
[Round "1"]
[TimeControl "180+2"]
[Date "2023.06.27"]
[WhiteClock "0:00:04"]
[BlackClock "0:00:11"]
[Board "126"]

1. d4 Nf6 2. Bf4 g6 3. Nc3 d5 4. e3 Bg7 5. h4 h5 6. Nf3 O-O 7. Ne5 c5 8. Qd2 Nc6 9. O-O-O cxd4 10. exd4 Bf5 11. a3 Rc8 12. f3 a6 13. Be2 b5 14. Nxc6 Rxc6 15. g4 hxg4 16. fxg4 Ne4 17. Nxe4 Bxe4 18. c3 Qa5 19. Bd3 Bxh1 20. Rxh1 e5 21. Bh6 Bxh6 22. Qxh6 Rxc3+ 23. bxc3 Qxc3+ 24. Bc2 Qa1+ 25. Kd2 Qxd4+ 26. Kc1 Qa1+ 27. Kd2 Qxh1 28. Bxg6 Qh2+ 29. Kc1 Qf4+ 30. Qxf4 exf4 31. Bd3 Re8 32. Kd2 f3 33. a4 bxa4 34. Bxa6 a3 35. Kc3 a2 36. Kb2 Ra8 37. Kxa2 Rxa6+ 38. Kb2 f2 39. Kc3 f1=Q 40. h5 Qf4 41. h6 Rxh6 42. g5 Rh3+ 43. Kc2 Qh2+ 44. Kd1 Qg2 45. g6 Rh1# 0-1


[Site "https://www.chess.com"]

[Event "Titled Tuesday Blitz June 27 Late 2023"]
[White "Vlassov, Nikolai"]
[Black "MAHanif"]
[WhiteFideId "4103360"]
[WhiteElo "2638"]
[BlackElo "2323"]
[Result "1-0"]
[Round "1"]
[TimeControl "180+2"]
[Date "2023.06.27"]
[WhiteClock "0:00:14"]
[BlackClock "0:00:00"]
[Board "127"]

1. e4 e5 2. Bc4 Bc5 3. f4 Qe7 4. Nc3 Nf6 5. Nf3 Nc6 6. d3 d6 7. f5 Na5 8. Bg5 c6 9. Qe2 b5 10. Bb3 Bd7 11. g4 h6 12. Bh4 Qd8 13. g5 hxg5 14. Bxg5 Qb6 15. Bxf6 gxf6 16. h4 Ke7 17. h5 Rag8 18. O-O-O Nxb3+ 19. cxb3 Bd4 20. Kb1 a5 21. h6 a4 22. b4 a3 23. Qc2 axb2 24. Nxd4 Qxd4 25. Qxb2 Rg3 26. Ne2 Qxb2+ 27. Kxb2 Rg2 28. Rd2 d5 29. Kc3 Kd6 30. Nc1 Rgg8 31. h7 Rg7 32. Rdh2 c5 33. bxc5+ Kxc5 34. Nb3+ Kb6 35. Kb4 dxe4 36. dxe4 Rg4 37. Rh4 Rg2 38. Rh6 Rg4 39. Rxf6+ Bc6 40. Nc5 Kc7 41. Rxf7+ Kb6 42. Rf6 Kc7 43. Rhh6 Bxe4 44. Kxb5 Rb8+ 45. Rb6 Rxb6+ 46. Rxb6 Rh4 47. Ra6 Bxf5 48. a4 Rxh7 49. Ra7+ Kd6 50. Rxh7 Bxh7 51. a5 Bf5 52. a6 Bg4 53. Kb6 Bf3 54. Nb7+ Kd7 55. a7 1-0


[Site "https://www.chess.com"]

[Event "Titled Tuesday Blitz June 27 Late 2023"]
[White "Bernado Lopez, Roger"]
[Black "Moral Garcia, Serafin"]
[WhiteFideId "24585009"]
[BlackFideId "2201925"]
[WhiteElo "2322"]
[BlackElo "2635"]
[Result "1-0"]
[Round "1"]
[TimeControl "180+2"]
[Date "2023.06.27"]
[WhiteClock "0:00:12"]
[BlackClock "0:00:09"]
[Board "128"]

1. e4 c5 2. Nf3 e6 3. d4 cxd4 4. Nxd4 Nc6 5. Nc3 Qc7 6. Be3 a6 7. g4 b5 8. Nxc6 Qxc6 9. Qd2 Bb7 10. O-O-O h5 11. g5 Ne7 12. Bg2 Ng6 13. f4 Nh4 14. Bf1 Rc8 15. Be2 b4 16. Nd5 exd5 17. exd5 Qd6 18. Rhe1 Be7 19. Bd4 Nf5 20. Be5 Qc5 21. d6 Ne3 22. Bd3 Nxd1 23. Kxd1 Bf3+ 24. Kc1 O-O 25. dxe7 Rfe8 26. Bd4 Qd5 27. Kb1 Bg4 28. Qe3 Be6 29. b3 Bf5 30. Bc4 Qg2 31. Re2 Qh1+ 32. Kb2 d5 33. Bxa6 Qe4 34. Bxc8 Rxc8 35. Qxe4 Bxe4 36. Bc5 f6 37. Bxb4 Kf7 38. a4 fxg5 39. fxg5 Kg6 40. a5 Kxg5 41. a6 Kf4 42. a7 d4 43. Bd6+ Kf3 44. Rxe4 Kxe4 45. Bb8 1-0


[Site "https://www.chess.com"]

[Event "Titled Tuesday Blitz June 27 Late 2023"]
[White "Adewumi, Tanitoluwa"]
[Black "Gerbelli Neto, Eduardo"]
[WhiteFideId "30966396"]
[BlackFideId "2103281"]
[WhiteElo "2633"]
[BlackElo "2321"]
[Result "1-0"]
[Round "1"]
[TimeControl "180+2"]
[Date "2023.06.27"]
[WhiteClock "0:00:24"]
[BlackClock "0:01:14"]
[Board "129"]

1. e4 e5 2. Nf3 Nc6 3. Nc3 Nf6 4. Bb5 Bb4 5. O-O O-O 6. Bxc6 dxc6 7. d3 h6 8. Nxe5 Re8 9. Nf3 Bg4 10. h3 Bh5 11. Bd2 Nd7 12. g4 Bg6 13. Ne2 Bd6 14. Bf4 h5 15. Bxd6 cxd6 16. Kg2 hxg4 17. hxg4 Nf6 18. g5 Nh5 19. Rh1 Qd7 20. Rh4 f5 21. gxf6 gxf6 22. Qh1 Qf7 23. Ng3 Nxg3 24. Rh8+ Kg7 25. Qh6# 1-0


[Site "https://www.chess.com"]

[Event "Titled Tuesday Blitz June 27 Late 2023"]
[White "Kaganskiy, Gleb"]
[Black "Kavutskiy, Konstantin"]
[WhiteFideId "4132025"]
[BlackFideId "2026384"]
[WhiteElo "2320"]
[BlackElo "2633"]
[Result "0-1"]
[Round "1"]
[TimeControl "180+2"]
[Date "2023.06.27"]
[WhiteClock "0:01:47"]
[BlackClock "0:00:40"]
[Board "130"]

1. d4 Nf6 2. Nc3 d5 3. Bf4 g6 4. Nb5 Na6 5. e3 Bg7 6. h4 h5 7. Nf3 O-O 8. Be2 c6 9. Nc3 Nc7 10. Ne5 Ne6 11. Bg3 Nd7 12. Bxh5 gxh5 13. Qxh5 Nxe5 14. Bxe5 f6 15. Bg3 Qe8 16. Qf3 Nd8 17. h5 Nf7 18. Bf4 Nh6 19. O-O-O e5 20. dxe5 fxe5 21. Nxd5 cxd5 22. Qxd5+ Be6 23. Qxb7 exf4 24. exf4 Rb8 25. Qxa7 Bxb2+ 26. Kb1 Bc3+ 27. Kc1 Rb1+ 28. Kxb1 Qb5+ 29. Kc1 Qb2# 0-1


[Site "https://www.chess.com"]

[Event "Titled Tuesday Blitz June 27 Late 2023"]
[White "cafu1950"]
[Black "Skaric, Djuro"]
[BlackFideId "934569"]
[WhiteElo "2629"]
[BlackElo "2317"]
[Result "1-0"]
[Round "1"]
[TimeControl "180+2"]
[Date "2023.06.27"]
[WhiteClock "0:00:24"]
[BlackClock "0:01:09"]
[Board "131"]

1. d4 d6 2. Nc3 g6 3. e4 Bg7 4. Nf3 Nf6 5. Be2 O-O 6. h3 h6 7. Be3 Nc6 8. O-O e5 9. d5 Ne7 10. Qd2 Kh7 11. Ne1 Ne8 12. Nd3 f5 13. f3 f4 14. Bf2 g5 15. Nd1 Rf7 16. c4 Bf8 17. c5 Rg7 18. Rc1 h5 19. Kh1 Ng6 20. cxd6 cxd6 21. Bg1 Nh8 22. N1f2 Nf7 23. Rc2 Nh6 24. Rfc1 Bd7 25. Qb4 b6 26. a4 g4 27. Qe1 g3 28. Nd1 Qh4 29. Bf1 Nf7 30. a5 Ng5 31. Bh2 Bxh3 32. gxh3 Nxf3 33. Qb4 Nxh2 34. Qe1 f3 35. Rxh2 Nf6 36. Ne3 Qg5 37. h4 Qg6 38. Bh3 Kh8 39. Bf5 Qh6 40. Rh3 g2+ 41. Kg1 Ng4 42. Rxf3 Be7 43. Bxg4 hxg4 44. Nf5 Qh5 45. Nxg7 Kxg7 46. Rf5 Qg6 47. Rc7 Qe8 48. Qg3 1-0


[Site "https://www.chess.com"]

[Event "Titled Tuesday Blitz June 27 Late 2023"]
[White "Spichkin, Alexander"]
[Black "Zeynalli, Rashad"]
[WhiteFideId "4144074"]
[BlackFideId "13403320"]
[WhiteElo "2314"]
[BlackElo "2623"]
[Result "0-1"]
[Round "1"]
[TimeControl "180+2"]
[Date "2023.06.27"]
[WhiteClock "0:01:00"]
[BlackClock "0:00:25"]
[Board "132"]

1. f4 d5 2. Nf3 Nf6 3. e3 g6 4. Be2 Bg7 5. O-O O-O 6. d3 c5 7. Kh1 Nc6 8. a4 b6 9. Ne5 Bb7 10. Nxc6 Bxc6 11. Bf3 Qc7 12. Qe1 e5 13. fxe5 Qxe5 14. Nc3 Rad8 15. Nb5 a6 16. d4 Qb8 17. Nc3 Rfe8 18. Qf2 c4 19. Bd2 b5 20. axb5 axb5 21. Rae1 b4 22. Ne2 b3 23. cxb3 Qxb3 24. Bc3 Bd7 25. Nf4 Bg4 26. Bxd5 g5 27. h3 gxf4 28. Bxf7+ Kxf7 29. hxg4 Nd5 30. e4 Nxc3 31. Qxf4+ Kg8 32. bxc3 Qxc3 33. Qf7+ Kh8 34. d5 Qe5 35. Rf5 Qe7 36. Qh5 c3 37. Rf7 Qe5 38. Ref1 Qxe4 39. R1f5 Qe1+ 40. Kh2 Be5+ 41. Rxe5 Qxe5+ 42. Qxe5+ Rxe5 43. Rc7 Re3 44. Rc5 Rd3 45. g5 R8xd5 46. Rc8+ Kg7 0-1


[Site "https://www.chess.com"]

[Event "Titled Tuesday Blitz June 27 Late 2023"]
[White "Gubajdullin, Alexei"]
[Black "Garmendiarov"]
[WhiteFideId "4141202"]
[WhiteElo "2622"]
[BlackElo "2306"]
[Result "0-1"]
[Round "1"]
[TimeControl "180+2"]
[Date "2023.06.27"]
[WhiteClock "0:00:12"]
[BlackClock "0:00:10"]
[Board "133"]

1. d4 Nf6 2. Nf3 d6 3. Bf4 g6 4. e3 Bg7 5. Be2 O-O 6. O-O Nc6 7. h3 Nd7 8. c4 e5 9. Bh2 f5 10. Nc3 e4 11. Nd2 Nf6 12. c5 g5 13. cxd6 cxd6 14. Nc4 d5 15. Nd6 Ne8 16. Nxc8 Rxc8 17. Qb3 Ne7 18. Qxb7 f4 19. Bg4 Rc7 20. Qa6 Rc6 21. Qxa7 Nf6 22. Rac1 h5 23. Bd1 Ng6 24. Bb3 Rd6 25. Nb5 Rd7 26. Rc7 Rxc7 27. Qxc7 Qe8 28. Nd6 Qe6 29. Qc5 f3 30. Nc4 fxg2 31. Rc1 Qxh3 32. Nb6 Nh4 33. Bxd5+ Nxd5 34. Qxd5+ Kh8 35. Qxe4 Nf3+ 36. Qxf3 Qxf3 37. Bg3 h4 38. Kh2 hxg3+ 39. fxg3 Qf2 40. Rg1 Rf6 41. Rxg2 Rh6# 0-1


[Site "https://www.chess.com"]

[Event "Titled Tuesday Blitz June 27 Late 2023"]
[White "Rodriguez Santiago, Jaime"]
[Black "TimGrutter03"]
[WhiteFideId "3100898"]
[WhiteElo "2305"]
[BlackElo "2619"]
[Result "0-1"]
[Round "1"]
[TimeControl "180+2"]
[Date "2023.06.27"]
[WhiteClock "0:00:09"]
[BlackClock "0:00:15"]
[Board "134"]

1. c4 g6 2. Nc3 Bg7 3. g3 d6 4. Bg2 e5 5. e4 Ne7 6. Nge2 O-O 7. d3 f5 8. exf5 Nxf5 9. O-O Nc6 10. f4 exf4 11. Nxf4 Ne5 12. Bd5+ Kh8 13. Be6 Qe8 14. Bxc8 Rxc8 15. b3 Nf3+ 16. Qxf3 Bxc3 17. Rb1 Nd4 18. Qxb7 Ne2+ 19. Kg2 Nxf4+ 20. Bxf4 g5 21. Rbc1 Bg7 22. Qxa7 gxf4 23. gxf4 Qe2+ 24. Rf2 Qg4+ 25. Kh1 Rxf4 26. Rg2 Qf5 27. Rcg1 Bd4 28. Qb7 Bxg1 29. Rxg1 Rf1 30. Qxc8+ Qxc8 31. Rxf1 Qa8+ 32. Kg1 Qxa2 33. Rf2 Qxb3 0-1


[Site "https://www.chess.com"]

[Event "Titled Tuesday Blitz June 27 Late 2023"]
[White "Jarmula, Lukasz"]
[Black "Bullen, Alex"]
[WhiteFideId "1160664"]
[BlackFideId "1801627"]
[WhiteElo "2619"]
[BlackElo "2303"]
[Result "1-0"]
[Round "1"]
[TimeControl "180+2"]
[Date "2023.06.27"]
[WhiteClock "0:02:12"]
[BlackClock "0:01:46"]
[Board "135"]

1. b3 d5 2. Bb2 Bg4 3. g3 c6 4. Nf3 Nd7 5. Bg2 e6 6. d3 Bd6 7. Bxg7 Bxf3 8. Bxf3 Be5 9. Bxh8 Bxh8 10. c3 b5 11. d4 Ne7 12. e3 Nf5 13. O-O Qg5 14. Nd2 O-O-O 15. a4 bxa4 16. Rxa4 e5 17. Rxa7 e4 18. Bg2 Nh4 19. gxh4 Qg6 20. Qa1 Rg8 21. Qa6+ Kd8 22. Ra8+ Ke7 23. Rxg8 Qxg8 24. Qxc6 Nf6 25. Ra1 Ng4 26. Ra7+ Kf8 27. Ra8+ 1-0


[Site "https://www.chess.com"]

[Event "Titled Tuesday Blitz June 27 Late 2023"]
[White "Ozen, Batuhan"]
[Black "Stark, Lars"]
[WhiteFideId "6345123"]
[BlackFideId "4676386"]
[WhiteElo "2301"]
[BlackElo "2618"]
[Result "0-1"]
[Round "1"]
[TimeControl "180+2"]
[Date "2023.06.27"]
[WhiteClock "0:00:15"]
[BlackClock "0:00:25"]
[Board "136"]

1. c4 Nf6 2. Nf3 e6 3. g3 a6 4. Bg2 b5 5. b3 Bb7 6. O-O c5 7. d4 cxd4 8. cxb5 axb5 9. Nxd4 Bxg2 10. Kxg2 Qb6 11. Bb2 Be7 12. Qd3 Qb7+ 13. f3 b4 14. e4 O-O 15. Nd2 Rc8 16. Rfc1 Rxc1 17. Bxc1 d5 18. e5 Nfd7 19. f4 Nc5 20. Qe2 Nc6 21. N2f3 Ne4 22. Bb2 h6 23. f5 Nxd4 24. Nxd4 exf5 25. Nxf5 Bf8 26. Bd4 Qc6 27. Ne3 Be7 28. Qf3 Bg5 29. h4 Bxe3 30. Qxe3 Qc2+ 31. Kh3 Rxa2 32. Rxa2 Qxa2 33. Qd3 Qa5 34. Be3 h5 35. Qd1 g6 36. Bd4 Qd8 37. Qf3 Qd7+ 38. Kg2 Qe6 39. Qf4 Kh7 40. Qf3 Qf5 41. Qxf5 gxf5 42. Kf3 Kg6 43. Kf4 Nd2 44. Bc5 Nxb3 45. Bxb4 Nd4 46. Bd2 Ne6+ 47. Kf3 f6 48. Bf4 Kf7 49. exf6 Kxf6 50. Bd6 Kf7 51. Ke3 Ke8 52. Be5 Kd7 53. Kd3 Kc6 54. Kc3 Kb5 55. Kd3 Kc5 56. Bf6 Kd6 57. Bc3 Kc5 58. Bb2 d4 59. Ba3+ Kd5 60. Bb2 Nc5+ 61. Kd2 Ke4 62. Ba3 Nd3 63. Bd6 Nf2 64. Bf4 Ng4 65. Bg5 Ne3 66. Bf4 Nd5 67. Bg5 Nb6 68. Ke2 Nc4 69. Kd1 d3 70. Bf4 Kf3 71. Kc1 Ke2 72. Bg5 d2+ 73. Bxd2 Nxd2 0-1


[Site "https://www.chess.com"]